 Dungeon Crawl Stone Soup version 0.30.1-11-g7821555f0a (webtiles) character file.

Game seed: 7252915542197241724

4577 Jerry the Grappler (level 10, -9/98 HPs)
             Began as a Troll Monk on Dec 13, 2023.
             Was an Elder of the Shining One.
             Mangled by an ice devil (12 damage)
             ... summoned by a kobold demonologist
             ... on level 9 of the Dungeon.
             The game lasted 00:19:24 (6889 turns).

Jerry the Grappler (Troll Monk)                     Turns: 6889, Time: 00:19:25

Health: -9/98      AC: 12    Str: 21    XL:     10   Next: 18%
Magic:  13/13      EV: 22    Int:  6    God:    the Shining One [****..]
Gold:   477        SH:  0    Dex: 16    Spells: 9/9 levels left

rFire   . .          .
                       - Unarmed
rCold   . . .        (no shield)
rNeg    + + .        D - +2 acid dragon scales
rPois   .            (helmet restricted)
rElec   .            p - +0 cloak
rCorr   +            (gloves unavailable)
SInv    .            (boots unavailable)
Will    .....        (no amulet)
Stlth   +            k - +5 ring of evasion
HPRegen 1.16/turn    l - +5 ring of evasion
MPRegen 0.13/turn

%: no passive effects
@: glowing
A: large, unfitting armour, claws 3, regeneration 1, shaggy fur 1, tough skin 1
a: Renounce Religion, Divine Shield, Cleansing Flame


You were on level 9 of the Dungeon.
You worshipped the Shining One.
The Shining One was greatly pleased with you.
You visited 2 branches of the dungeon, and saw 10 of its levels.

You collected 477 gold pieces.

Inventory:

Hand Weapons
 H - a +6 spear of freezing
Missiles
 y - 2 throwing nets (quivered)
Armour
 a - a +2 robe of resistance
 c - an orb of light
 p - a +0 cloak (worn)
 D - +2 acid dragon scales (worn)
Jewellery
 d - a ring of ice
 k - a +5 ring of evasion (left claw)
 l - a +5 ring of evasion (right claw)
 L - the ring of Geiv {rElec Dex+2 SInv}
   (You took it off a gnoll on level 8 of the Dungeon)

   [ring of see invisible]

   Dex:       It affects your dexterity (+2).
   rElec:     It insulates you from electricity.
   SInv:      It lets you see invisible.
Wands
 w - a wand of iceblast (16)
 C - a wand of flame (27)
Scrolls
 e - 4 scrolls of fog {unknown}
 g - a scroll of amnesia {unknown}
 i - 3 scrolls of immolation {unknown}
 j - 3 scrolls of noise {unknown}
 m - 11 scrolls of identify {unknown}
 n - a scroll of brand weapon {unknown}
 q - a scroll of enchant armour {unknown}
 r - 4 scrolls of enchant weapon {unknown}
 s - 2 scrolls of blinking {unknown}
 u - 4 scrolls of poison {unknown}
 x - a scroll of vulnerability {unknown}
 z - 2 scrolls of teleportation {unknown}
 E - a scroll of magic mapping {unknown}
 G - 2 scrolls of fear {unknown}
 J - a scroll of torment {unknown}
Potions
 b - 2 potions of ambrosia
 f - 3 potions of curing
 h - 2 potions of attraction {unknown}
 o - a potion of heal wounds {unknown}
 t - a potion of haste {unknown}
 v - a potion of lignification {unknown}
 A - 2 potions of brilliance {unknown}
 B - 2 potions of degeneration {unknown}
 F - 2 potions of magic {unknown}
 I - a potion of invisibility {unknown}
 K - a potion of flight {unknown}


   Skills:
 + Level 5.8 Fighting
 + Level 3.7 Armour
 + Level 5.9 Dodging
 * Level 9.6 Unarmed Combat
 + Level 5.4 Invocations


You had 9 spell levels left.
You didn't know any spells.
Your spell library contained the following spells:

 Spells                   Type           Power      Damage    Failure   Level
 Summon Small Mammal      Summ           0%         N/A       54%         1
 Cigotuvi's Dreadful Rot  Necr/Pois/Air  0%         N/A       67%         2
 Call Canine Familiar     Summ           0%         N/A       88%         3
 Ignite Poison            Fire/Tmut/Pois 0%         N/A       88%         3
 Summon Guardian Golem    Hex/Summ       0%         N/A       88%         3
 Passage of Golubria      Tloc           0%         N/A       99%         4
 Freezing Cloud           Conj/Ice/Air   0%         6-21      100%        5
 Silence                  Hex/Air        0%         N/A       100%        5
 Summon Forest            Summ/Tloc      0%         N/A       100%        5
 Eringya's Noxious Bog    Tmut/Pois      0%         N/A       100%        6
 Summon Hydra             Summ           0%         N/A       100%        7
 Lehudib's Crystal Spear  Conj/Erth      0%         10d2      100%        8


Dungeon Overview and Level Annotations

Branches:
Dungeon (9/15)             Temple (1/1) D:5
   Lair: D:8-11         Orc: D:9-12

Altars:
Ashenzari
Cheibriados
Dithmenos
Elyvilon
Hepliaklqana
Makhleb
Nemelex Xobeh
Okawaru
Ru
Sif Muna
Trog
Uskayaw
Vehumet
Wu Jian
Yredelemnul
Zin
The Shining One

Shops:
D:1 [   D:3 =


Innate Abilities, Weirdness & Mutations

You are too large for most types of armour.
You have claws for hands.
Your natural rate of healing is unusually fast.
You are covered in fur. (AC +1)
You have tough skin. (AC +1)


Message History

You feel sick.
You are no longer poisoned.
The kobold throws a stone.
The stone completely misses you.
You scratch the kobold.
You kill the kobold!
The orange demon disappears in a puff of smoke!
The kobold brigand throws a poisoned dart.
The poisoned dart completely misses you.
The kobold throws a stone.
The stone misses you.
You mangle the kobold!!
You kill the kobold!
The kobold demonologist gestures wildly while chanting.
You scratch the ice devil but do no damage.
The ice devil hits you but does no damage.
You claw the ice devil!
The ice devil is moderately wounded.
You scratch the ice devil.
The ice devil is heavily wounded.
The ice devil hits you! The ice devil freezes you!
You are too injured to fight recklessly!
You are too injured to fight recklessly!
The ice devil attacks as you move away! The ice devil hits you.
The ice devil freezes you!! The ice devil attacks as you move away!
The ice devil barely misses you. The ice devil attacks as you move away!
The ice devil hits you. The ice devil freezes you!
* * * LOW HITPOINT WARNING * * *
You hear the faint creaking of a very distant portcullis.
The ice devil disappears in a puff of smoke!
The ice devil attacks as you move away! The ice devil hits you!
* * * LOW HITPOINT WARNING * * *
The ice devil freezes you!
* * * LOW HITPOINT WARNING * * *
The crimson imp blinks!
The ice devil attacks as you move away! The ice devil hits you!
* * * LOW HITPOINT WARNING * * *
The ice devil freezes you! The Shining One protects you from harm!
The ice devil attacks as you move away! The ice devil hits you!
You die...

##.K##.# #..## .#
###..###.# ##.... ..#
###...####5# ##.....
...##...K.# #..##......#
.........####KK........#
........###...55.......#
..........K............#
..###.54....##..........
# #..@..####..........
##....####...#####..
#......##.K## ##...
#..........###....#
#.........K.....##
##...#####)K..#####
#...# ##4.##.... #..##
#5....... .<.. #KK......


You could see an ice devil (summoned), a kobold brigand, a crimson imp
(summoned), an ufetubus (summoned) and 3 kobolds.

Vanquished Creatures
  Pikel (D:7)
  Maurice (D:8)
  Maggie (D:7)
  Menkaure (D:7)
  3 water moccasins
  2 black bears
  An ice beast (D:8)
  7 ogres
  4 phantoms
  2 bullfrogs (D:7)
  A kobold brigand (D:9)
  3 gnoll sergeants
  6 scorpions
  3 wights (D:7)
  6 killer bees (D:8)
  4 orc priests
  2 jellies
  2 hounds
  A gnoll bouda (D:8)
  2 iguanas (D:5)
  A sleepcap (D:6)
  3 orc wizards
  A mummy (D:4)
  7 adders
  23 gnolls
  A white imp (D:7)
  5 worms
  2 dart slugs
  8 orcs
  5 ball pythons
  2 bats
  5 endoplasms
  4 giant cockroaches (D:1)
  11 goblins
  4 hobgoblins
  13 kobolds
  4 quokkas
  2 frilled lizards (D:2)
  A hobgoblin zombie (D:4)
  An orc zombie (D:4)
  6 rats
162 creatures vanquished.

Notes
Turn   | Place    | Note
-------+----------+-------------------------------------------
     0 | D:1      | Jerry the Troll Monk began the quest for the Orb.
     0 | D:1      | Reached XP level 1. HP: 22/22 MP: 0/0
   136 | D:1      | Reached XP level 2. HP: 29/29 MP: 1/1
   353 | D:1      | Found a faded altar of an unknown god.
   429 | D:1      | Found Qeocabivut's Antique Armour Emporium.
  1131 | D:2      | Reached XP level 3. HP: 36/36 MP: 2/2
  1693 | D:3      | Reached skill level 4 in Unarmed Combat
  1718 | D:3      | Found an iron altar of Okawaru.
  1746 | D:3      | Found Jehymotu's Jewellery Emporium.
  1754 | D:3      | Reached XP level 4. HP: 35/44 MP: 3/3
  1789 | D:3      | Found a glowing golden altar of the Shining One.
  1825 | D:3      | Became a worshipper of the Shining One
  1825 | D:3      | Reached * piety under the Shining One
  1825 | D:3      | Reached ** piety under the Shining One
  2081 | D:3      | Found a glowing silver altar of Zin.
  2342 | D:3      | Found a sacrificial altar of Ru.
  2482 | D:4      | Found an ornate altar of the Wu Jian Council.
  2490 | D:4      | You fall into a shaft and drop 3 floors!
  2619 | D:7      | Noticed a bullfrog
  2628 | D:7      | Killed a bullfrog
  2629 | D:7      | Reached XP level 5. HP: 49/53 MP: 4/4
  2655 | D:6      | Noticed a phantom
  2828 | D:7      | Found a shimmering blue altar of Sif Muna.
  2843 | D:7      | Reached skill level 1 in Invocations
  2847 | D:7      | Reached skill level 5 in Unarmed Combat
  2862 | D:7      | Noticed an ogre
  2898 | D:7      | Reached XP level 6. HP: 61/61 MP: 6/6
  3028 | D:7      | Reached XP level 7. HP: 59/68 MP: 7/7
  3036 | D:7      | Noticed Maggie
  3039 | D:7      | Reached skill level 6 in Unarmed Combat
  3053 | D:7      | Killed Maggie
  3139 | D:7      | Noticed Menkaure
  3142 | D:7      | Noticed Pikel
  3144 | D:7      | Killed Menkaure
  3145 | D:7      | Reached XP level 8. HP: 79/79 MP: 9/9
  3161 | D:7      | Killed Pikel
  3162 | D:7      | Reached skill level 1 in Armour
  3162 | D:7      | Reached skill level 7 in Unarmed Combat
  3438 | D:5      | Entered Level 5 of the Dungeon
  3521 | D:5      | Found a staircase to the Ecumenical Temple.
  3530 | D:5      | Reached *** piety under the Shining One
  3531 | D:5      | Reached XP level 9. HP: 87/87 MP: 11/11
  3534 | D:5      | Reached skill level 8 in Unarmed Combat
  3545 | D:5      | Reached skill level 5 in Fighting
  3550 | D:5      | Reached skill level 5 in Dodging
  3575 | Temple   | Entered the Ecumenical Temple
  3660 | D:5      | Found a broken altar of Ashenzari.
  3684 | D:5      | Found a hazy altar of Hepliaklqana.
  4724 | D:4      | Found a burning altar of Makhleb.
  5206 | D:5      | Noticed a moth of wrath
  5209 | D:5      | Found a bloodstained altar of Trog.
  5840 | D:7      | Reached skill level 9 in Unarmed Combat
  6033 | D:8      | Noticed Maurice
  6044 | D:8      | Reached skill level 5 in Invocations
  6055 | D:8      | Killed Maurice
  6100 | D:8      | Reached XP level 10. HP: 98/98 MP: 12/12
  6434 | D:8      | Found a shadowy altar of Dithmenos.
  6541 | D:8      | Identified the ring of Geiv {rElec Dex+2 SInv}
  6835 | D:9      | Reached **** piety under the Shining One
  6838 | D:9      | Noticed a sixfirhy
  6847 | D:9      | Noticed an orange demon
  6888 | D:9      | HP: 2/98 [ice devil[a kobold demonologist] (10)]
  6888 | D:9      | The Shining One protects you from harm!
  6889 | D:9      | Mangled by an ice devil

Illustrated notes

Levels and vault maps discovered:
D:1:      lemuel_arrival_rhombus, layout_basic, serial_shops,
          nicolae_shop_overgrown_old_shop, hellmonk_ecumenical_altar_crossroads
D:2:      kennysheep_six_static_rooms, layout_rooms, serial_glass,
          glass_columns_a, glass_columns_a, item_on_display_b
D:3:      layout_basic, lemuel_round_altar, okawaru_gym_becter, tso_metal_star,
          lemuel_coloured_pillars_altar, serial_shops, shop
D:4:      layout_basic, mainiacjoe_overflow_24_doors, lightli_temple_of_fire,
          nicolae_ossuary_entry_giza, chequers_big_river,
          kennysheep_generic_room_4
D:5:      layout_rooms, tgw_trog, kennysheep_mini_moat,
          nicolae_hepliaklqana_hazy_memory, minmay_temple_entry_arrows,
          kennysheep_small_spiral
D:6:      layout_cave_pools, nrook_loot_triangle
D:7:      layout_loops_corners, mainiacjoe_overflow_brackets,
          kennysheep_generic_room_9, uniq_menkaure, uniq_maggie, uniq_pikel
D:8:      layout_loops_ring, lemuel_doored_altar, uniq_maurice
D:9:      layout_layer_cave, old_standard_altar, enter_bailey_3,
          chequers_avenue, uniq_erolcha, uniq_harold
Temple:   nicolae_temple_ecumenical_triangle

Skill      XL: |  1  2  3  4  5  6  7  8  9 |
---------------+----------------------------+-----
Unarmed Combat | 4 5 6 7 9 |  9.6
Fighting       | 3 4 5 |  5.8
Dodging        | 3 4 5 |  5.9
Invocations    | 1 2 3 4 5 |  5.4
Armour         | 2 3 |  3.7

Action                     |  1- 3 |  4- 6 |  7- 9 | 10-12 || total
---------------------------+-------+-------+-------+-------++-------
  Melee: Unarmed           |    74 |    43 |   215 |    61 ||   393
         Punch             |       |       |    10 |     4 ||    14
 Armour: Robe              |    17 |     5 |     1 |       ||    23
         Acid dragon scale |       |       |    11 |    11 ||    22
  Dodge: Dodged            |    43 |    25 |   160 |    75 ||   303
